 Dungeon Crawl Stone Soup version 0.29.1-2-gbd0b4ee654 (webtiles) character file.

Game seed: 4363048014249371249

149 xian the Sneak (level 5, -2/46 HPs)
             Began as a Draconian Delver on Nov 7, 2022.
             Was an Initiate of Zin (penitent).
             Killed by an exploding butterfly (17 damage)
             ... ignited by their inner flame
             ... on level 4 of the Dungeon.
             The game lasted 00:10:37 (3886 turns).

xian the Sneak (Draconian Delver)                   Turns: 3886, Time: 00:10:38

Health: -2/46      AC: 10    Str: 16    XL:     5   Next: 9%
Magic:  5/5        EV: 12    Int: 20    God:    Zin [......]
Gold:   123        SH:  0    Dex: 13    Spells: 2/4 levels left

rFire   . . .      SeeInvis +   n - +0 dagger (freeze)
rCold   . . .      Faith    .   (no shield)
rNeg    . . .      Spirit   .   (body armour unavailable)
rPois   .          Reflect  .   u - +4 hat of the Protecting Gods {Will++ Int+4 SInv}
rElec   .          Harm     .   (no cloak)
rCorr   +          Rampage  .   w - +0 pair of gloves
Will    +....                   (no boots)
Stlth   +++.......              t - amulet of regeneration
HPRegen 0.95/turn               l - ring of resist corrosion
MPRegen 0.09/turn               B - +6 ring of intelligence

@: lethally poisoned (-2 -> -4), weak-willed
A: AC +5, unfitting armour, cold-blooded
a: Renounce Religion, Donate Gold


You were on level 4 of the Dungeon.
You worshipped Zin.
Zin was demanding penance.
You visited 1 branch of the dungeon, and saw 5 of its levels.

You collected 136 gold pieces.
You donated 13 gold pieces to Zin.

Inventory:

Hand Weapons
 n - a +0 dagger of freezing (weapon)
 D - a +5 dagger of protection
Missiles
 o - 7 poisoned darts (quivered)
 q - 2 javelins
 r - 6 boomerangs
 z - 6 atropa-tipped darts
Armour
 u - the +4 hat of the Protecting Gods (worn) {Will++ Int+4 SInv}
   (You acquired it on level 4 of the Dungeon)

   Int:       It affects your intelligence (+4).
   SInv:      It lets you see invisible.
   Will:      It greatly increases your willpower.
 w - a +0 pair of gloves (worn)
Jewellery
 l - a ring of resist corrosion (left hand)
 t - an amulet of regeneration (around neck)
 B - a +6 ring of intelligence (right hand)
 C - a ring of poison resistance
Wands
 f - a wand of digging (3)
 A - a wand of charming (7)
Scrolls
 b - a scroll of fog
 c - 2 scrolls of magic mapping
 d - 3 scrolls of fear
 j - a scroll of vulnerability
 k - a scroll of enchant weapon
 y - a scroll of immolation
Potions
 a - a potion of attraction {unknown}
 e - a potion of haste
 g - 2 potions of curing {unknown}
 h - 2 potions of lignification {unknown}
 i - a potion of magic {unknown}
 m - a potion of heal wounds {unknown}
 v - 5 potions of flight {unknown}
 x - a potion of mutation {unknown}


   Skills:
 + Level 3.8 Fighting
 + Level 3.2 Short Blades
 + Level 0.1 Throwing
 + Level 2.7 Dodging
 + Level 5.4 Stealth


You had 2 spell levels left.
You knew the following spells:

 Your Spells              Type           Power      Damage    Failure   Level
a - Ensorcelled Hibernat  Hex/Ice        0%         N/A       28%         2

Your spell library contained the following spells:

 Spells                   Type           Power      Damage    Failure   Level
 Passwall                 Tmut/Erth      0%         N/A       28%         2
 Poisonous Vapours        Pois/Air       0%         N/A       28%         2
 Conjure Flame            Conj/Fire      0%         6-21      50%         3
 Ignite Poison            Fire/Tmut/Pois 0%         N/A       50%         3
 Stone Arrow              Conj/Erth      0%         3d7       50%         3
 Swiftness                Air            0%         N/A       50%         3
 Sticky Flame             Conj/Fire      0%         2d3       88%         4
 Freezing Cloud           Conj/Ice/Air   0%         6-21      99%         5


Dungeon Overview and Level Annotations

Branches:
Dungeon (5/15)             Temple (0/1) D:4

Altars:
Fedhas
Kikubaaqudgha
Sif Muna
Uskayaw
Zin
The Shining One

Annotations:
D:4 1 transporter


Innate Abilities, Weirdness & Mutations

Your plain brown scales are hard. (AC +5)
You cannot fit into any form of body armour.
You are cold-blooded and may be slowed by cold attacks.


Message History

Okay, then.
Really read the scroll of vulnerability?
As you read the scroll of vulnerability, it crumbles to dust.
Magic quickly surges around you.
You feel very sick.
The gnoll sergeant hits you from afar with a +1 spear of venom.
You are more poisoned.
Really read the scroll of immolation?
Uppercase [Y]es or [N]o only, please.
Really read the scroll of immolation?
As you read the scroll of immolation, it crumbles to dust.
The creatures around you are filled with an inner flame!
You feel very sick.
The gnoll sergeant hits you from afar with a +1 spear of venom.
You swap places.
You feel very sick. The gnoll sergeant barely misses you.
You swap places.
You feel very sick.
The gnoll shouts! x2
Things that are here:
a +0 flail; a gnoll corpse You swap places.
You feel sick. The gnoll closely misses you.
The gnoll sergeant hits your butterfly with a +1 spear of venom!
Your butterfly disappears in a burst of colours!
Your butterfly explodes!
You feel very guilty. "You will pay for your transgression, mortal!"
The fiery explosion engulfs your butterfly!
Your butterfly disappears in a burst of colours!
The fiery explosion engulfs the gnoll sergeant!!
The fiery explosion engulfs your butterfly!!
Your butterfly disappears in a burst of colours!
Your butterfly explodes!
The gnoll sergeant explodes!
Your butterfly explodes!
The fiery explosion engulfs your butterfly!
Your butterfly disappears in a burst of colours!
The fiery explosion engulfs you!
Your butterfly explodes!
The fiery explosion engulfs you!
You die...

≈..#.#8⌠8#g#......# #
~.©#.+.©.+.#©.....# #
. ≈!.#.#P.P#.#......#
.≈≈.##g##.##.##.≈≈).+
.≈≈.#..#P.P#.©#.≈≈..#
# ≈.##.+...'.##.≈≈..#
#.≈≈..#.#P.P#.#..≈≈..#
#.≈≈###§##§##.###≈≈..#
≈#.§@§§§§.b..#≈≈..#
##g###§###.## #.. ###
$g ≈### ... ## ≈≈≈
≈~≈≈ ..≈≈ ≈≈~≈≈≈ ...
....... ... .......##


You could see 2 gnolls.

Vanquished Creatures
  A gnoll sergeant (D:4)
  2 gnolls (D:4)
  5 adders
  3 worms
  2 dart slugs
  An orc (D:4)
  4 ball pythons
  2 endoplasms
  4 giant cockroaches
  7 goblins
  7 hobgoblins
  10 jackals
  3 quokkas
  5 bats
  4 frilled lizards (D:1)
  6 kobolds
  3 rats
69 creatures vanquished.

Notes
Turn   | Place    | Note
-------+----------+-------------------------------------------
     0 | D:5      | xian the Draconian Delver began the quest for the Orb.
     0 | D:5      | Reached XP level 1. HP: 19/19 MP: 1/1
     9 | D:5      | Noticed a water moccasin
    34 | D:4      | Reached XP level 2. HP: 26/26 MP: 2/2
    62 | D:4      | Found a shimmering blue altar of Sif Muna.
    70 | D:4      | Found a glowing golden altar of the Shining One.
    76 | D:4      | Found an ancient bone altar of Kikubaaqudgha.
    81 | D:4      | Found a hide-covered altar of Uskayaw.
    87 | D:4      | Found a glowing silver altar of Zin.
   137 | D:4      | Became a worshipper of Zin the Law-Giver
   281 | D:3      | HP: 1/26 [jackal (3)]
   588 | D:3      | Reached skill level 5 in Stealth
   933 | D:2      | Reached XP level 3. HP: 20/31 MP: 3/3
  2047 | D:1      | Got the Precepts of Forking Paths
  2222 | D:2      | Reached * piety under Zin
  2375 | D:2      | Reached XP level 4. HP: 18/39 MP: 4/4
  3032 | D:3      | Found a blossoming altar of Fedhas.
  3319 | D:4      | Found a staircase to the Ecumenical Temple.
  3445 | D:4      | Learned a level 2 spell: Ensorcelled Hibernation
  3506 | D:4      | Identified a scroll of acquirement
  3507 | D:4      | Acquired the +4 hat of the Protecting Gods {Will++ Int+4
                  | SInv}
  3856 | D:4      | Found a transporter.
  3858 | D:4      | Identified the +10 scale mail "Ysommira" {rC+ Will+}
  3858 | D:4      | Noticed a gnoll sergeant
  3862 | D:4      | Found a transporter.
  3877 | D:4      | Reached XP level 5. HP: 45/45 MP: 5/5
  3886 | D:4      | Was placed under penance by Zin
  3886 | D:4      | Killed by an exploding butterfly... ignited by their inner
                  | flame

Illustrated notes

Levels and vault maps discovered:
D:1:      elethiomel_arrival_maze, layout_loops_corners
D:2:      layout_basic, minmay_misc_feat_room
D:3:      layout_basic, fedhas_altar_2, minmay_misc_feat_roman
D:4:      layout_basic, nicolae_overflow_hallway_of_the_gods,
          minmay_temple_entry_gardened_gates, gammafunk_ghost_gnarly_gnolls
D:5:      layout_cave_pods, portal_sewer_entry_f, uniq_pikel,
          uniq_blork_the_orc, uniq_sigmund

Skill      XL: |  1  2  3  4 |
---------------+-------------+-----
Stealth        | 5 |  5.4
Dodging        | 2 |  2.7
Short Blades   | 3 |  3.2
Fighting       | |  3.8
Throwing       | |  0.1

Action                   |  1- 3 |  4- 6 || total
-------------------------+-------+-------++-------
Melee: Short sword       |    76 |       ||    76
       Tailslap          |    19 |    12 ||    31
       Dagger            |    88 |    89 ||   177
       Punch             |     1 |       ||     1
Throw: Dart              |     2 |       ||     2
       Javelin           |     1 |       ||     1
  Use: Scroll            |       |    11 ||    11
 Stab: Distracted        |     1 |       ||     1
       Sleeping          |     3 |    10 ||    13
Armor: Skin              |    57 |    33 ||    90
Dodge: Dodged            |   114 |    56 ||   170
